 Dungeon Crawl Stone Soup version 0.18.1-48-g4cf74bf (console) character file.

2677 Kloppie the Spear-Bearer (level 9, -3/89 HPs)
             Began as a Minotaur Berserker on June 26, 2016.
             Was an Elder of Trog.
             Slain by Caphalor's ghost (19 damage)
             ... on level 8 of the Dungeon.
             The game lasted 00:10:05 (7177 turns).

Kloppie the Spear-Bearer (Minotaur Berserker)       Turns: 7177, Time: 00:10:06

Health: -3/89      AC:  4    Str: 23    XL:     9   Next: 37%
Magic:  0/8        EV: 11    Int:  4    God:    Trog [****..]
Gold:   0          SH:  0    Dex: 12    Spells: 0 memorised, 8 levels left

rFire  . . .     SeeInvis .     a - +0 spear
rCold  . . .     Gourm    .     k - +0 ring mail
rNeg   . . .     Faith    .     (no shield)
rPois  .         Spirit   +     (helmet restricted)
rElec  .         Dismiss  .     (no cloak)
rCorr  .         Reflect  .     (no gloves)
SustAt .         Harm     .     G - -2 pair of boots (curse)
MR     +++..                    A - amulet of guardian spirit
Stlth  ..........               (no ring)
                                s - ring of protection from magic

@: confused, lethally poisoned (-3 -> -3), exhausted, regenerating, slowed,
invisible, very slow, extremely resistant to hostile enchantments, extremely
unstealthy
A: retaliatory headbutt, horns 2
a: Berserk, Trog's Hand, Brothers in Arms, Burn Spellbooks, Renounce Religion


You were on level 8 of the Dungeon.
You worshipped Trog.
Trog was greatly pleased with you.
You were very hungry.

You visited 1 branch of the dungeon, and saw 8 of its levels.

Inventory:

Hand Weapons
 a - a +0 spear (weapon)
 p - a +0 halberd
Missiles
 y - 70 arrows
Armour
 f - a +0 chain mail
 k - a +0 ring mail (worn)
 G - a cursed -2 pair of boots (worn)
Jewellery
 s - a ring of protection from magic (left hand)
 A - an amulet of guardian spirit (around neck)
 H - a +5 amulet of reflection {unknown}
 I - an uncursed ring of ice {unknown}
Wands
 i - a wand of slowing (35/48)
 t - a wand of random effects (19/48)
Scrolls
 b - 4 scrolls of identify {unknown}
 g - a scroll of noise {unknown}
 h - 3 scrolls of enchant weapon {unknown}
 o - a scroll of enchant armour {unknown}
 w - 3 scrolls of remove curse {unknown}
 D - 2 scrolls of teleportation {unknown}
 F - a scroll of random uselessness {unknown}
Potions
 d - 3 potions of mutation {unknown}
 n - a potion of heal wounds {unknown}
 q - 2 potions of cancellation {unknown}
 v - 2 potions of might {unknown}
 x - a potion of curing {unknown}
 z - a potion of brilliance {unknown}
 C - a potion of cure mutation {unknown}
 E - 2 potions of agility {unknown}
Comestibles
 c - 3 bread rations
 j - 3 meat rations
 l - a royal jelly
 B - 3 beef jerkies


   Skills:
 + Level 11.1 Fighting
 + Level 11.4 Polearms
 - Level 2.4 Armour
 - Level 2.1 Dodging


You had 8 spell levels left.
You didn't know any spells.

Dungeon Overview and Level Annotations

Branches:
Dungeon (8/15)             Temple (0/1) D:4            Lair (0/8) D:8

Altars:
Elyvilon
Gozag
Pakellas
Sif Muna
Trog

Shops:
D:4 }

Annotations:
D:6 Crazy Yiuf
D:8 Caphalor's ghost, novice SpVM; Maurice


Innate Abilities, Weirdness & Mutations

You reflexively headbutt those who attack you in melee.
You have a pair of horns on your head.


Message History

The ball explodes into a vile cloud!
The stinking cloud engulfs you!
The stinking cloud engulfs Caphalor's ghost.
The stinking cloud engulfs something.
Something hits you.
* * * LOW HITPOINT WARNING * * *
Something steals all your gold!
You hear a shout! x2
Drink which item? (? for menu, Esc to quit)
You fade into invisibility!
You choke on the stench!
You are confused.
* * * LOW HITPOINT WARNING * * *
You feel the effects of Trog's Hand fading.
You feel sick. Caphalor's ghost hits you.
* * * LOW HITPOINT WARNING * * *
You are electrocuted!
* * * LOW HITPOINT WARNING * * *
Caphalor's ghost hits you.
* * * LOW HITPOINT WARNING * * *
You are electrocuted!
You die...

#.).##...##...#
#.#)..P.PP..#.#
#.#...P>PP..#...
#.#...PPP...#...#
#...##P..##.....#
#...§#...#......#
#..#....h..#...
#W§.#######....
#@.....# .#
#§§....# #......#
....W..#
######.... ###
..## ### .<# +_+
##


You could see a phantom and Caphalor's ghost.

Vanquished Creatures
  A manticore (D:8)
  A hungry ghost (D:7)
  The ghost of Caphalor the Magician, an amateur DEFE (D:4)
  A black bear (D:7)
  An ice beast (D:6)
  2 phantoms (D:7)
  An ogre (D:4)
  2 centaurs
  2 giant frogs (D:7)
  A wyvern skeleton (D:7)
  3 killer bees (D:7)
  5 wights (D:7)
  A jelly (D:5)
  A giant frog zombie (D:6)
  4 crimson imps
  4 hounds
  2 orc priests
  6 orc wizards
  An iguana (D:7)
  2 giant frog skeletons (D:5)
  2 worker ants
  3 gnolls (D:3)
  7 adders
  2 oozes
  An adder zombie (D:7)
  6 worms
  3 giant geckos
  28 orcs
  2 ball pythons
  8 giant cockroaches
  3 hobgoblins
  11 jackals
  3 quokkas
  11 bats
  A giant gecko zombie (D:7)
  A giant newt (D:3)
  7 goblins
  8 kobolds
  10 rats
  A fungus (D:8)
160 creatures vanquished.

Notes
Turn   | Place    | Note
--------------------------------------------------------------
     0 | D:1      | Kloppie the Minotaur Berserker began the quest for the Orb.
     0 | D:1      | Reached XP level 1. HP: 19/19 MP: 0/0
    43 | D:1      | Reached XP level 2. HP: 23/27 MP: 1/1
   344 | D:1      | Reached XP level 3. HP: 34/34 MP: 2/2
   346 | D:1      | Reached ** piety under Trog
   654 | D:2      | Found an oddly glowing altar of Pakellas.
  1081 | D:2      | Reached XP level 4. HP: 41/41 MP: 3/3
  1304 | D:3      | Reached skill level 5 in Polearms
  1346 | D:3      | Reached skill level 5 in Fighting
  1478 | D:3      | Reached *** piety under Trog
  1499 | D:3      | Found a bloodstained altar of Trog.
  1520 | D:3      | Reached XP level 5. HP: 32/49 MP: 4/4
  2408 | D:4      | Found Fuacheuf's Gadget Boutique.
  2535 | D:4      | Reached XP level 6. HP: 35/58 MP: 5/5
  2581 | D:4      | Noticed Caphalor's ghost (amateur DEFE)
  2590 | D:4      | Killed Caphalor's ghost
  2674 | D:4      | Found an opulent altar of Gozag.
  2780 | D:4      | Found a staircase to the Ecumenical Temple.
  2805 | D:4      | Reached **** piety under Trog
  2830 | D:4      | Reached XP level 7. HP: 54/66 MP: 6/6
  3805 | D:4      | Found a white marble altar of Elyvilon.
  3906 | D:5      | Entered Level 5 of the Dungeon
  5211 | D:6      | Noticed Crazy Yiuf
  5342 | D:6      | Reached XP level 8. HP: 58/75 MP: 5/7
  6263 | D:7      | Reached skill level 10 in Polearms
  6363 | D:7      | Reached skill level 10 in Fighting
  6595 | D:7      | Reached XP level 9. HP: 74/86 MP: 6/8
  6808 | D:8      | Found a staircase to the Lair.
  6830 | D:8      | Noticed a manticore
  6853 | D:8      | Killed a manticore
  7146 | D:8      | Noticed Caphalor's ghost (novice SpVM)
  7160 | D:8      | Noticed Maurice
  7164 | D:8      | Found a deep blue altar of Sif Muna.
  7177 | D:8      | Slain by Caphalor's ghost

Skill      XL: |  1  2  3  4  5  6  7  8  9 |
---------------+----------------------------+-----
Polearms       | 4 5 6 7 8 10 11 | 11.4
Fighting       | 4 5 6 7 8 10 11 | 11.1
Armour         | |  2.4
Dodging        | |  2.1

Action                   |  1- 3 |  4- 6 |  7- 9 || total
-------------------------+-------+-------+-------++-------
Melee: Spear             |    99 |   167 |   332 ||   598
       Headbutt          |     9 |    23 |    54 ||    86
Invok: Trog's Hand       |       |     2 |     6 ||     8
       Berserk           |       |     2 |     3 ||     5
  Use: Potion            |       |       |     2 ||     2
  Eat: Chunk             |     1 |     8 |    17 ||    26
       Royal jelly       |       |       |     1 ||     1
Armor: Animal skin       |    15 |       |       ||    15
       Ring mail         |     3 |    30 |    49 ||    82
Dodge: Dodged            |    46 |    63 |   125 ||   234
